cohdb
Replays
Latest Replays
All Replays
Popular Replays
Top Player Replays
Match Explorer
How It Works
Community
CoH3 Stats
Reddit
Sign in to upload your games and track your stats! →
Sign in with Steam
Match 45143355
Unlisted
Match 45143355
Overview
Messages
Build Orders
End
Construct Section Command Post
Selects Australian Defense Battlegroup
Dingo Light Scout Car
Infantry Section
Infantry Section
Construct Platoon Command Post
Selects Australian Light Infantry Section
Australian Light Infantry Section
Selects Defensive Tactics
Construct Field Infirmary
Grenade Package
Selects CMP 15cwt Supply Run
CMP 15cwt Supply Run
Construct Company Command Post
Selects Reinforced Resource Caches
Selects Hold the Line!
Matilda II Heavy Tank
Skr13
NooJ
MarcusGOW
Eliane Fonzer
0
0
Comments
sign in to comment!
No comments posted yet!